 Dungeon Crawl Stone Soup version 0.28.0 (webtiles) character file.

Game seed: 11306949641366878893

3119 bande the Cleaver (level 9, 0/56 HPs)
             Began as a Gargoyle Fighter on Feb 14, 2022.
             Was a Follower of Okawaru.
             Slain by a wight (5 damage)
             ... on level 7 of the Dungeon.
             The game lasted 00:17:32 (6269 turns).

bande the Cleaver (Gargoyle Fighter)                Turns: 6269, Time: 00:17:32

Health: 0/56       AC: 23    Str: 20    XL:     9   Next: 91%
Magic:  10/10      EV: 13    Int:  9    God:    Okawaru [*.....]
Gold:   259        SH:  5    Dex: 13    Spells: 8/8 levels left

rFire   . . .      SeeInvis .   a - +1 war axe
rCold   . . .      Faith    .   c - +0 buckler
rNeg    + . .      Spirit   .   t - +0 plate armour
rPois   ∞          Reflect  .   p - +2 hat
rElec   +          Harm     .   y - +0 cloak {rCorr}
rCorr   +          Rampage  .   b - +0 pair of gloves
Will    .....      Clarity  +   (no boots)
Stlth   ..........              (no amulet)
HPRegen 0.18/turn               g - +4 ring of evasion
MPRegen 0.12/turn               s - +4 ring of evasion

@: no status effects
A: sickness immunity, AC +6, negative energy resistance 1, electricity
resistance, torment resistance 1, petrification resistance, clarity
a: Renounce Religion, Heroism


You were on level 7 of the Dungeon.
You worshipped Okawaru.
Okawaru was aware of your devotion.
You visited 2 branches of the dungeon, and saw 8 of its levels.

You collected 259 gold pieces.

Inventory:

Hand Weapons
 a - a +1 war axe (weapon)
 e - a +1 vorpal morningstar
Armour
 b - a +0 pair of gloves (worn)
 c - a +0 buckler (worn)
 p - a +2 hat (worn)
 t - a +0 plate armour (worn)
 y - a +0 cloak of preservation (worn)
Jewellery
 g - a +4 ring of evasion (left hand)
 q - a ring of resist corrosion
 s - a +4 ring of evasion (right hand)
 v - a ring of protection from cold
 x - an amulet of the acrobat
Wands
 u - a wand of acid (5)
 w - a wand of polymorph (10)
Scrolls
 m - a scroll of teleportation
 n - a scroll of enchant weapon
 z - a scroll of magic mapping
 B - 2 scrolls of fog
Potions
 d - 2 potions of might
 f - 2 potions of mutation
 h - 2 potions of flight
 i - 2 potions of haste
 j - 2 potions of brilliance
 k - 2 potions of invisibility
 o - 2 potions of attraction {unknown}


   Skills:
 + Level 6.4 Fighting
 + Level 8.6 Axes
 + Level 6.2 Armour
 - Level 0.3 Stealth
 + Level 5.2 Shields
 * Level 2.2 Invocations
 * Level 4.9 Evocations


You had 8 spell levels left.
You didn't know any spells.
Your spell library contained the following spells:

 Spells                   Type           Power      Damage    Failure   Level
 Gell's Gravitas          Tloc           0%         N/A       100%        3
 Lesser Beckoning         Tloc           0%         N/A       100%        3
 Teleport Other           Tloc           0%         N/A       100%        3
 Passage of Golubria      Tloc           0%         N/A       100%        4
 Petrify                  Tmut/Erth      0%         N/A       100%        4
 Irradiate                Conj/Tmut      0%         3d13      100%        5
 Yara's Violent Unravell  Hex/Tmut       0%         3d3       100%        5
 Sublimation of Blood     Necr           Unusable   N/A       N/A         2
 Tukima's Dance           Hex            Unusable   N/A       N/A         3

Dungeon Overview and Level Annotations

Branches:
Dungeon (7/15)             Temple (1/1) D:6

Altars:
Ashenzari
Cheibriados
Elyvilon
Fedhas
Gozag
Hepliaklqana
Kikubaaqudgha
Makhleb
Nemelex Xobeh
Okawaru
Qazlal
Ru
Sif Muna
Trog
Uskayaw
Vehumet
Wu Jian
Xom
Yredelemnul
Zin
The Shining One

Shops:
D:5 ?

Annotations:
D:3 1 runed translucent door


Innate Abilities, Weirdness & Mutations

You are immune to sickness and miasma.
Your stone body is resilient. (AC +6)
You are immune to poison.
You resist negative energy. (rN+)
You are resistant to electric shocks. (rElec)
You are resistant to unholy torment.
You are immune to petrification.
You possess an exceptional clarity of mind.


Message History

The wight hits you with a +2 flail!
* * * LOW HITPOINT WARNING * * *
The scorpion barely misses you.
Unknown command.
You hit the wight but do no damage. You hit the scorpion. You hit the wight.
You hit the wight but do no damage. The wight hits you but does no damage.
The wight closely misses you. You block the scorpion's attack.
The wight misses you.
Unknown command.
You slash the wight!
The wight is severely damaged.
You closely miss the wight. You hit the wight but do no damage.
You hit the scorpion. The scorpion closely misses you.
You block the wight's attack. The wight closely misses you.
The wight hits you but does no damage.
Unknown command.
It was a potion of cancellation.
You feel magically purged. The scorpion barely misses you.
You block the wight's attack. The wight closely misses you.
The wight barely misses you. The scorpion closely misses you.
You barely miss the wight.
The wight is severely damaged.
You hit the scorpion. You hit the wight. You slash the wight!
The wight closely misses you. x3; The scorpion misses you.
Unknown command.
You slash the wight!
You destroy the wight!
Okawaru accepts your kill.
You hit the scorpion but do no damage. You closely miss the wight.
You barely miss the wight. The wight hits you but does no damage.
The scorpion misses you. The wight misses you. You block the wight's attack.
Unknown command.
The scorpion closely misses you. The wight hits you but does no damage.
The scorpion barely misses you.
Items here: $ ) = [.
You slash the wight!
The wight is almost destroyed.
You hit the scorpion but do no damage. You closely miss the wight.
The wight hits you with a +2 flail.
You die...

#...#
#..#.#..#.#
#...#
#.#.......#
#...#
#.......###
#...#
####.#.....
##.## #.#.####
##.## #.#.###.
####...#
#.......
#....z.######
###.##>.
#.##z@s......
#.....
..........#####
#####.
##.#...##.# #.
....## .# #.
##... .# ##
###. .# .. .


You could see a scorpion and 2 wights.

Vanquished Creatures
  Maggie (D:6)
  Grinder (D:6)
  A water moccasin (D:5)
  3 sky beasts
  An ice beast (D:5)
  3 necrophages
  2 ogres
  3 centaurs
  2 phantoms
  3 bullfrogs
  3 scorpions
  2 water moccasin zombies
  A water moccasin skeleton (D:4)
  3 killer bees (D:7)
  A wight (D:7)
  A bullfrog zombie (D:7)
  A centaur zombie (D:6)
  A jelly (D:5)
  4 hounds
  A bullfrog skeleton (D:6)
  2 orc priests
  3 iguanas
  3 orc wizards
  A hound skeleton (D:5)
  7 adders
  3 gnolls (D:5)
  A shadow imp (D:4)
  3 ufetubi
  3 dart slugs
  15 orcs
  5 ball pythons
  7 bats
  10 endoplasms
  6 giant cockroaches
  5 goblins
  3 hobgoblins
  4 jackals (D:1)
  4 quokkas
  3 frilled lizards
  A jackal zombie (D:3)
  2 kobolds (D:4)
  A quokka skeleton (D:4)
  A rat (D:3)
131 creatures vanquished.

Notes
Turn   | Place    | Note
-------+----------+-------------------------------------------
     0 | D:1      | bande the Gargoyle Fighter began the quest for the Orb.
     0 | D:1      | Reached XP level 1. HP: 14/14 MP: 1/1
   231 | D:1      | Reached XP level 2. HP: 19/19 MP: 2/2
   299 | D:1      | Reached skill level 2 in Axes
   445 | D:1      | Reached XP level 3. HP: 23/23 MP: 3/3
   865 | D:2      | Found a faded altar of an unknown god.
  1783 | D:3      | Reached skill level 3 in Axes
  1783 | D:3      | Reached XP level 4. HP: 29/29 MP: 4/4
  2057 | D:3      | Reached XP level 5. HP: 33/33 MP: 5/5
  2103 | D:3      | Found a runed translucent door.
  2103 | D:3      | Noticed a human
  2104 | D:3      | Found a basalt altar of Yredelemnul.
  2285 | D:4      | Gained mutation: You possess an exceptional clarity of
                  | mind. [potion of mutation]
  2359 | D:4      | Found a glowing silver altar of Zin.
  2531 | D:4      | Reached skill level 1 in Evocations
  2681 | D:4      | Reached skill level 4 in Axes
  2740 | D:4      | Found a stormy altar of Qazlal.
  2740 | D:4      | Found a snail-covered altar of Cheibriados.
  3012 | D:5      | Entered Level 5 of the Dungeon
  3012 | D:5      | Noticed an ice beast
  3022 | D:5      | Killed an ice beast
  3023 | D:5      | Reached XP level 6. HP: 38/38 MP: 6/6
  3046 | D:5      | Found Lyrob's Magic Scroll Boutique.
  3213 | D:5      | Noticed a sky beast
  3224 | D:5      | Killed a sky beast
  3225 | D:5      | Reached XP level 7. HP: 43/44 MP: 7/7
  3291 | D:5      | Reached skill level 5 in Axes
  3696 | D:5      | Reached skill level 5 in Fighting
  3696 | D:5      | Reached skill level 5 in Armour
  3696 | D:5      | Reached XP level 8. HP: 49/49 MP: 8/8
  3875 | D:5      | Reached skill level 6 in Axes
  4561 | D:6      | Reached skill level 7 in Axes
  4566 | D:6      | Noticed Grinder
  4577 | D:6      | Paralysed by Grinder for 7 turns
  4591 | D:6      | Killed Grinder
  4592 | D:6      | Reached XP level 9. HP: 42/55 MP: 9/9
  5031 | D:6      | Reached skill level 5 in Shields
  5111 | D:6      | Found a staircase to the Ecumenical Temple.
  5132 | Temple   | Entered the Ecumenical Temple
  5270 | Temple   | Became a worshipper of Warmaster Okawaru
  5377 | D:6      | Reached skill level 8 in Axes
  5645 | D:6      | Noticed Maggie
  5660 | D:6      | Killed Maggie
  5661 | D:6      | Reached skill level 1 in Invocations
  5838 | D:6      | Found a hazy altar of Hepliaklqana.
  6072 | D:7      | Reached * piety under Okawaru
  6269 | D:7      | Slain by a wight

Illustrated notes

Levels and vault maps discovered:
D:1:      moated_graveyard_arrival, layout_basic
D:2:      layout_loops_corners, shapermc_ecumenical_altar_mp_highgroup
D:3:      layout_rooms, dk_yredelemnul_ordeal, glass_columns_a, st_stairs_5,
          kennysheep_doodads, kennysheep_generic_room_11
D:4:      layout_loops_ring, zin_scriptorium,
          chequers_temple_overflow_statue_of_worship
D:5:      minmay_opposing_rooms, layout_loops_corners, serial_shops,
          nicolae_shop_trees
D:6:      layout_loops_ring, marbit_many_paths, minmay_temple_entry_crystal_x,
          uniq_maggie, uniq_grinder
D:7:      layout_loops_cross
Temple:   eino_temple_rhombus

Skill      XL: |  1  2  3  4  5  6  7  8  9 |
---------------+----------------------------+-----
Axes           | 2 3 4 5 7 8 |  8.6
Armour         | 4 5 6 |  6.2
Evocations     | 1 2 4 |  4.9
Fighting       | 4 5 6 |  6.4
Shields        | 4 5 |  5.2
Invocations    | 2 |  2.2
Stealth        | |  0.3

Action                   |  1- 3 |  4- 6 |  7- 9 || total
-------------------------+-------+-------+-------++-------
Melee: War axe           |    97 |   144 |   313 ||   554
  Use: Scroll            |     5 |     4 |     6 ||    15
       Potion            |       |     1 |     4 ||     5
Armor: Scale mail        |    40 |    31 |       ||    71
       Chain mail        |       |    14 |       ||    14
       Plate armour      |       |    25 |   182 ||   207
Dodge: Dodged            |    66 |   129 |   263 ||   458
Block: Buckler           |    21 |    27 |    91 ||   139
